| TOP OF THE 1ST |
|---|
| Omaha Storm Chasers batting - Pitching for Denver Bears : LHP Art DeFilippis | | Pitching: LHP Art DeFilippis | | | Batting: RHB Dave Machemer | 0-0: Called Strike 0-1: Ball 1-1: Called Strike 1-2: Foul Ball, location: 2F 1-2: Ball 2-2: Foul Ball, location: 2F 2-2: Ball 3-2: Base on Balls | | Batting: LHB Craig Reynolds | 0-0: Ball 1-0: Ball 2-0: Called Strike 2-1: Ball 3-1: Fielders Choice at 2nd, 1-6 (Groundball, 13) | | Batting: RHB Gary Carter | 0-0: Ball 1-0: Ball 2-0: Ball 3-0: Called Strike 3-1: Base on Balls Craig Reynolds to second | | Batting: RHB Frank Ortenzio | 0-0: Ball 1-0: Called Strike 1-1: Ball 2-1: Fly out, F5 (Popup, 5SF) | | Batting: RHB Glenn Borgmann | 0-0: Ball 1-0: Called Strike 1-1: Swinging Strike 1-2: Ball 2-2: Foul Ball, location: 2F 2-2: Ball 3-2: Strikes out looking | | Top of the 1st over - 0 runs, 0 hits, 0 errors, 2 left on base; Omaha 0 - Denver 0 | | BOTTOM OF THE 1ST |
|---|
| Denver Bears batting - Pitching for Omaha Storm Chasers : LHP Tom Deidel | | Pitching: LHP Tom Deidel | | | Batting: RHB Willie Randolph | 0-0: Ball 1-0: Foul Ball, location: 2F 1-1: Foul Ball, location: 2F 1-2: Ball 2-2: Ball 3-2: Foul Ball, location: 2F 3-2: Ground out 6-3 (Groundball, 6) | | Batting: LHB Don Castle | 0-0: Ball 1-0: SINGLE (Line Drive, 9S) | | Batting: LHB Steve Stroughter | 0-0: Ball 1-0: Ball 2-0: Foul Ball, location: 2F 2-1: Ball 3-1: Base on Balls Don Castle to second | | Batting: RHB Albert Thompson | 0-0: Called Strike 0-1: Foul Ball, location: 2F 0-2: Foul Ball, location: 2F 0-2: Ball 1-2: Ball 2-2: Ball 3-2: Foul Ball, location: 2F 3-2: Base on Balls Don Castle to third Steve Stroughter to second | | Batting: LHB Andy Merchant | 0-0: Ball 1-0: Ball 2-0: Ball 3-0: Called Strike 3-1: Base on Balls Don Castle scores Steve Stroughter to third Albert Thompson to second | | Batting: RHB John Owens | 0-0: Called Strike 0-1: Ball 1-1: Foul Ball, location: 2F 1-2: Foul Ball, location: 2F 1-2: Ball 2-2: Ball 3-2: Base on Balls Steve Stroughter scores Albert Thompson to third Andy Merchant to second | | Batting: RHB Dick K Smith | 0-0: Ball 1-0: Fly out, F7 (Flyball, 7S) Lined into DP, 7-4 (Flyball, 7S) | | Bottom of the 1st over - 2 runs, 1 hit, 0 errors, 2 left on base; Omaha 0 - Denver 2 | | TOP OF THE 2ND |
|---|
| Omaha Storm Chasers batting - Pitching for Denver Bears : LHP Art DeFilippis | | Batting: LHB Rick Manning | 0-0: Foul Ball, location: 2F 0-1: Called Strike 0-2: Ground out 1-3 (Groundball, 15) | | Batting: RHB Larry Foster | 0-0: Ball 1-0: Ground out 5-3 (Groundball, 56) | | Batting: LHB Kerry Dineen | 0-0: Foul Ball, location: 2F 0-1: Ball 1-1: Ball 2-1: Ground out 6-3 (Groundball, 56) | | Top of the 2nd over - 0 runs, 0 hits, 0 errors, 0 left on base; Omaha 0 - Denver 2 | | BOTTOM OF THE 2ND |
|---|
| Denver Bears batting - Pitching for Omaha Storm Chasers : LHP Tom Deidel | | Batting: LHB Gary Rahe | 0-0: Ball 1-0: Ball 2-0: Foul Ball, location: 2F 2-1: Ball 3-1: Swinging Strike 3-2: Foul Ball, location: 2F 3-2: Base on Balls | | Batting: RHB Roy Gibson | 0-0: Ball 1-0: Swinging Strike 1-1: Ball Wild Pitch! Gary Rahe to second 2-1: Ball 3-1: 2-RUN HOME RUN (Flyball, 78XD), Distance : 410 ft | | Batting: RHB Willie Randolph | 0-0: Ball 1-0: Ball 2-0: Ball 3-0: Called Strike 3-1: Base on Balls | | Batting: LHB Don Castle | 0-0: SINGLE (Groundball, 34D) Willie Randolph to second Runner from 2nd tries for 3rd, SAFE, no throw | | Batting: LHB Steve Stroughter | 0-0: Ball 1-0: Fly out, F8 (Flyball, 8LD) Runner from 3rd tags up, SCORES, throw made | | Batting: RHB Albert Thompson | 0-0: Ball 1-0: Swinging Strike 1-1: Foul Ball, location: 2F 1-2: Ball 2-2: Ball 3-2: Strikes out looking | | Batting: LHB Andy Merchant | 0-0: Ball 1-0: Ball 2-0: Foul Ball, location: 2F 2-1: Foul Ball, location: 2F 2-2: Ball 3-2: Base on Balls Don Castle to second | | Batting: RHB John Owens | 0-0: Called Strike 0-1: Ball 1-1: Foul Ball, location: 2F 1-2: Strikes out swinging | | Bottom of the 2nd over - 3 runs, 2 hits, 0 errors, 2 left on base; Omaha 0 - Denver 5 | | TOP OF THE 3RD |
|---|
| Omaha Storm Chasers batting - Pitching for Denver Bears : LHP Art DeFilippis | | Batting: RHB Rocky Craig | 0-0: Foul Ball, location: 2F 0-1: Called Strike 0-2: Ball 1-2: Strikes out swinging | | Batting: RHB Dave Machemer | 0-0: Ball 1-0: Ball 2-0: Called Strike 2-1: Fly out, F8 (Flyball, 8RS) | | Batting: LHB Craig Reynolds | 0-0: Ball 1-0: Ball 2-0: Called Strike 2-1: SINGLE (Line Drive, 4D) | | Pitching: RHP James Redmon | | | Batting: RHB Gary Carter | 0-0: Ball 1-0: Ball 2-0: Ball 3-0: Called Strike 3-1: Foul Ball, location: 2F 3-2: Fly out, F8 (Flyball, 8LM) | | Top of the 3rd over - 0 runs, 1 hit, 0 errors, 1 left on base; Omaha 0 - Denver 5 | | BOTTOM OF THE 3RD |
|---|
| Denver Bears batting - Pitching for Omaha Storm Chasers : LHP Tom Deidel | | Batting: RHB Dick K Smith | 0-0: Ball 1-0: Called Strike 1-1: Called Strike 1-2: Foul Ball, location: 2F 1-2: Ball 2-2: DOUBLE (Line Drive, 8LD) | | Batting: LHB Gary Rahe | 0-0: Foul Ball, location: 2F 0-1: Ground out U3 (Groundball, 3) Dick K Smith to third | | Batting: RHB Roy Gibson | 0-0: Ball 1-0: Foul Ball, location: 2F 1-1: Ball 2-1: Ball 3-1: Base on Balls | | Batting: RHB Willie Randolph | 0-0: Fly out, F7 (Flyball, 78D) Runner from 3rd tags up, SCORES, throw made | | Batting: LHB Don Castle | 0-0: Called Strike 0-1: Ball Passed Ball! Roy Gibson to second 1-1: Ball Wild Pitch! Roy Gibson to third 2-1: Called Strike 2-2: Foul Ball, location: 2F 2-2: Ground out 6-3 (Groundball, 6) | | Bottom of the 3rd over - 1 run, 1 hit, 0 errors, 1 left on base; Omaha 0 - Denver 6 | | TOP OF THE 4TH |
|---|
| Omaha Storm Chasers batting - Pitching for Denver Bears : RHP James Redmon | | Batting: RHB Frank Ortenzio | 0-0: Ball 1-0: Swinging Strike 1-1: Ground out 4-3 (Groundball, 4M) | | Batting: RHB Glenn Borgmann | 0-0: SINGLE (Groundball, 3S) (infield hit) | | Batting: LHB Rick Manning | 0-0: Called Strike 0-1: Fly out, F9 (Flyball, 89M) | | Batting: RHB Larry Foster | 0-0: Swinging Strike 0-1: Ball 1-1: Foul Ball, location: 2F 1-2: Ball 2-2: Ball 3-2: SINGLE (Groundball, 4M) (infield hit) Glenn Borgmann to second | | Batting: LHB Kerry Dineen | 0-0: Ground out U3 (Groundball, 34) | | Top of the 4th over - 0 runs, 2 hits, 0 errors, 2 left on base; Omaha 0 - Denver 6 | | BOTTOM OF THE 4TH |
|---|
| Denver Bears batting - Pitching for Omaha Storm Chasers : LHP Tom Deidel | | Batting: LHB Steve Stroughter | 0-0: Ball 1-0: Foul Ball, location: 2F 1-1: Ball 2-1: SINGLE (Groundball, 6MD) | | Batting: RHB Albert Thompson | 0-0: Ball 1-0: Foul Ball, location: 2F 1-1: Ball 2-1: Ball 3-1: Foul Ball, location: 2F 3-2: Base on Balls Steve Stroughter to second | | Batting: LHB Andy Merchant | 0-0: Called Strike 0-1: Fly out, F6 (Line Drive, 6MD) | | Batting: RHB John Owens | 0-0: Swinging Strike 0-1: Ball 1-1: Ball 2-1: Swinging Strike 2-2: Ball 3-2: Foul Ball, location: 2F 3-2: Foul Ball, location: 2F 3-2: Base on Balls Steve Stroughter to third Albert Thompson to second | | Batting: RHB Dick K Smith | 0-0: Called Strike 0-1: Grounds into double play, 6-4-3 (Groundball, 6) | | Bottom of the 4th over - 0 runs, 1 hit, 0 errors, 2 left on base; Omaha 0 - Denver 6 | | TOP OF THE 5TH |
|---|
| Omaha Storm Chasers batting - Pitching for Denver Bears : RHP James Redmon | | Batting: RHB Rocky Craig | 0-0: Called Strike 0-1: Swinging Strike 0-2: Foul Ball, location: 2F 0-2: Ball 1-2: Ball 2-2: Strikes out swinging | | Batting: RHB Dave Machemer | 0-0: Ball 1-0: Called Strike 1-1: Swinging Strike 1-2: Foul Ball, location: 2F 1-2: Ball 2-2: Ball 3-2: Strikes out looking | | Batting: LHB Craig Reynolds | 0-0: Ball 1-0: SINGLE (Line Drive, 8RS) | | Batting: RHB Gary Carter | 0-0: Called Strike 0-1: SINGLE (Line Drive, 6M) Craig Reynolds to second | | Batting: RHB Frank Ortenzio | 0-0: Ball 1-0: Foul Ball, location: 2F 1-1: Fly out, F9 (Flyball, 9LM) | | Top of the 5th over - 0 runs, 2 hits, 0 errors, 2 left on base; Omaha 0 - Denver 6 | | BOTTOM OF THE 5TH |
|---|
| Denver Bears batting - Pitching for Omaha Storm Chasers : LHP Tom Deidel | | Batting: LHB Gary Rahe | 0-0: Called Strike 0-1: Foul Ball, location: 2F 0-2: Ball 1-2: Foul Ball, location: 2F 1-2: Ball 2-2: Ball 3-2: Base on Balls | | Batting: RHB Roy Gibson | 0-0: Ball 1-0: Ball 2-0: Ball 3-0: Base on Balls Gary Rahe to second | | Batting: RHB Willie Randolph | 0-0: Ball 1-0: Grounds into double play, 6-4-3 (Groundball, 6) Gary Rahe to third | | Batting: LHB Don Castle | 0-0: Called Strike 0-1: Ball 1-1: Foul Ball, location: 2F 1-2: Strikes out swinging | | Bottom of the 5th over - 0 runs, 0 hits, 0 errors, 1 left on base; Omaha 0 - Denver 6 | | TOP OF THE 6TH |
|---|
| Omaha Storm Chasers batting - Pitching for Denver Bears : RHP James Redmon | | Batting: RHB Glenn Borgmann | 0-0: Ball 1-0: Ball 2-0: Ball 3-0: Base on Balls | | Batting: LHB Rick Manning | 0-0: Ball 1-0: Ball 2-0: SINGLE (Line Drive, 9LS) Glenn Borgmann to second | | Batting: RHB Larry Foster | 0-0: Ball 1-0: Ball 2-0: Ball 3-0: Called Strike 3-1: Base on Balls Glenn Borgmann to third Rick Manning to second | | Batting: LHB Kerry Dineen | 0-0: Foul Ball, location: 2F 0-1: Ball 1-1: Called Strike 1-2: Foul Ball, location: 2F 1-2: Foul Ball, location: 2F 1-2: Foul Ball, location: 2F 1-2: Foul Ball, location: 2F 1-2: DOUBLE (Line Drive, 89D) Glenn Borgmann scores Rick Manning scores Larry Foster to third | | Pitching: RHP James Southworth | | | Batting: RHB Rocky Craig | 0-0: Swinging Strike 0-1: Ball 1-1: Ball 2-1: Ball 3-1: Ground out 6-3 (Groundball, 6S) Larry Foster scores Kerry Dineen to third | | Batting: RHB Dave Machemer | 0-0: Swinging Strike 0-1: Ball 1-1: DOUBLE (Line Drive, 9LM) Kerry Dineen scores | | Batting: LHB Craig Reynolds | 0-0: Foul Ball, location: 2F 0-1: Ball 1-1: Ground out 4-3 (Groundball, 4) Dave Machemer to third | | Batting: RHB Gary Carter | 0-0: Ball 1-0: Swinging Strike 1-1: Ball 2-1: Fly out, F9 (Flyball, 89D) | | Top of the 6th over - 4 runs, 3 hits, 0 errors, 1 left on base; Omaha 4 - Denver 6 | | BOTTOM OF THE 6TH |
|---|
| Denver Bears batting - Pitching for Omaha Storm Chasers : LHP Tom Deidel | | Batting: LHB Steve Stroughter | 0-0: Ground out 5-3 (Groundball, 56S) | | Batting: RHB Albert Thompson | 0-0: Swinging Strike 0-1: Ball 1-1: Foul Ball, location: 2F 1-2: Strikes out looking | | Batting: LHB Andy Merchant | 0-0: Called Strike 0-1: Fly out, F7 (Flyball, 7) | | Bottom of the 6th over - 0 runs, 0 hits, 0 errors, 0 left on base; Omaha 4 - Denver 6 | | TOP OF THE 7TH |
|---|
| Omaha Storm Chasers batting - Pitching for Denver Bears : RHP James Southworth | | Now at 1B: Roger Sheridan | | | Batting: RHB Frank Ortenzio | 0-0: Called Strike 0-1: Foul Ball, location: 2F 0-2: Strikes out swinging | | Batting: RHB Glenn Borgmann | 0-0: Swinging Strike 0-1: Ball 1-1: Ball 2-1: Foul Ball, location: 2F 2-2: Foul Ball, location: 2F 2-2: Strikes out swinging | | Batting: LHB Rick Manning | 0-0: Called Strike 0-1: Ground out 1-3 (Groundball, 15) | | Top of the 7th over - 0 runs, 0 hits, 0 errors, 0 left on base; Omaha 4 - Denver 6 | | BOTTOM OF THE 7TH |
|---|
| Denver Bears batting - Pitching for Omaha Storm Chasers : LHP Tom Deidel | | Pitching: RHP Jim York | | | Batting: RHB John Owens | 0-0: Called Strike 0-1: Foul Ball, location: 2F 0-2: Ball 1-2: Foul Ball, location: 2F 1-2: Foul Ball, location: 2F 1-2: Strikes out swinging | | Batting: RHB Dick K Smith | 0-0: Ball 1-0: Swinging Strike 1-1: Ball 2-1: Foul Ball, location: 2F 2-2: Ball 3-2: Base on Balls | | Batting: LHB Gary Rahe | 0-0: Ball 1-0: Ball 2-0: Ball 3-0: Base on Balls Dick K Smith to second | | Pinch Hitting: SHB Joe Patterson | 0-0: Swinging Strike 0-1: Ball 1-1: Called Strike 1-2: Strikes out swinging | | Batting: RHB Willie Randolph | 0-0: Called Strike 0-1: Foul Ball, location: 2F 0-2: Ball 1-2: Fielders Choice at 2nd, 6-4 (Groundball, 6) | | Bottom of the 7th over - 0 runs, 0 hits, 0 errors, 2 left on base; Omaha 4 - Denver 6 | | TOP OF THE 8TH |
|---|
| Omaha Storm Chasers batting - Pitching for Denver Bears : RHP James Southworth | | Now at 1B: Joe Patterson | | | Now at 3B: Dave Criscione | | | Batting: RHB Larry Foster | 0-0: Ball 1-0: Swinging Strike 1-1: Swinging Strike 1-2: Foul Ball, location: 2F 1-2: Strikes out swinging | | Batting: LHB Kerry Dineen | 0-0: Called Strike 0-1: Ground out 4-3 (Groundball, 4) | | Batting: RHB Rocky Craig | 0-0: Ball 1-0: Ball 2-0: Called Strike 2-1: Ground out 5-3 (Groundball, 56S) | | Top of the 8th over - 0 runs, 0 hits, 0 errors, 0 left on base; Omaha 4 - Denver 6 | | BOTTOM OF THE 8TH |
|---|
| Denver Bears batting - Pitching for Omaha Storm Chasers : RHP Jim York | | Batting: LHB Don Castle | 0-0: Fly out, F7 (Flyball, 78S) | | Batting: LHB Steve Stroughter | 0-0: Ball 1-0: Called Strike 1-1: Ball 2-1: Fly out, F9 (Flyball, 9) | | Batting: LHB Roger Sheridan | 0-0: Foul Ball, location: 2F 0-1: Swinging Strike 0-2: Ball 1-2: Fly out, F6 (Line Drive, 6M) | | Bottom of the 8th over - 0 runs, 0 hits, 0 errors, 0 left on base; Omaha 4 - Denver 6 | | TOP OF THE 9TH |
|---|
| Omaha Storm Chasers batting - Pitching for Denver Bears : RHP James Southworth | | Batting: RHB Dave Machemer | 0-0: SINGLE (Line Drive, 4D) | | Batting: LHB Craig Reynolds | 0-0: Ball 1-0: Foul Ball, location: 2F 1-1: Swinging Strike 1-2: Strikes out looking | | Batting: RHB Gary Carter | 0-0: Ball 1-0: Ball 2-0: Foul Ball, location: 2F 2-1: Foul Ball, location: 2F 2-2: Ground out 5-3 (Groundball, 56S) Dave Machemer to second | | Batting: RHB Frank Ortenzio | 0-0: Ball 1-0: Ball 2-0: Foul Ball, location: 2F 2-1: Swinging Strike 2-2: Ball 3-2: TRIPLE (Flyball, 78XD) Dave Machemer scores | | Pitching: RHP Jim Unknown | | | Batting: RHB Glenn Borgmann | 0-0: Ball 1-0: Ball 2-0: Foul Ball, location: 2F 2-1: Ball 3-1: Swinging Strike 3-2: SINGLE (Flyball, 89S) Frank Ortenzio scores | | Pinch Runner at 1st Al Cowens: | | | Batting: LHB Rick Manning | 0-0: Ball 1-0: Ground out 4-3 (Groundball, 4) | | Top of the 9th over - 2 runs, 3 hits, 0 errors, 1 left on base; Omaha 6 - Denver 6 | | BOTTOM OF THE 9TH |
|---|
| Denver Bears batting - Pitching for Omaha Storm Chasers : RHP Jim York | | Batting: LHB Andy Merchant | 0-0: Ground out U3 (Groundball, 34S) | | Pinch Hitting: LHB Rick Stelmaszek | 0-0: Ball 1-0: Foul Ball, location: 2F 1-1: Ball 2-1: Foul Ball, location: 2F 2-2: Ground out 4-3 (Groundball, 4) | | Batting: RHB Dick K Smith | 0-0: Called Strike 0-1: Called Strike 0-2: Ground out 6-3 (Groundball, 6M) | | Bottom of the 9th over - 0 runs, 0 hits, 0 errors, 0 left on base; Omaha 6 - Denver 6 | | TOP OF THE 10TH |
|---|
| Omaha Storm Chasers batting - Pitching for Denver Bears : RHP Jim Unknown | | Now at 3B: Joe Lovitto | | | Batting: RHB Larry Foster | 0-0: Ball 1-0: Foul Ball, location: 2F 1-1: Ball 2-1: Ball 3-1: Base on Balls | | Batting: LHB Kerry Dineen | 0-0: Ball 1-0: SINGLE (Line Drive, 8LM) Larry Foster to second | | Pinch Runner at 2nd Jim Wohlford: | | | Batting: RHB Rocky Craig | 0-0: Ball 1-0: Foul Ball, location: 2F 1-1: Ball 2-1: Foul Ball, location: 2F 2-2: Strikes out swinging | | Batting: RHB Dave Machemer | 0-0: Ball 1-0: SINGLE (Line Drive, 56D) Jim Wohlford to third Kerry Dineen to second Runner from 3rd tries for Home, SAFE, no throw | | Batting: LHB Craig Reynolds | 0-0: Ball 1-0: SINGLE (Groundball, 4S) (infield hit) Kerry Dineen to third Dave Machemer to second | | Batting: RHB Gary Carter | 0-0: Foul Ball, location: 2F 0-1: Ball 1-1: Grounds into fielders choice 4-2 (Groundball, 4) Dave Machemer to third Craig Reynolds to second | | Batting: RHB Frank Ortenzio | 0-0: Ball 1-0: Called Strike 1-1: Foul Ball, location: 2F 1-2: Ball 2-2: Foul Ball, location: 2F 2-2: Foul Ball, location: 2F 2-2: Foul Ball, location: 2F 2-2: Strikes out looking | | Top of the 10th over - 1 run, 3 hits, 0 errors, 3 left on base; Omaha 7 - Denver 6 | | BOTTOM OF THE 10TH |
|---|
| Denver Bears batting - Pitching for Omaha Storm Chasers : RHP Jim York | | Now in LF: Ramon Gimenez | | | Batting: LHB Gary Rahe | 0-0: Ball 1-0: Ball 2-0: Foul Ball, location: 2F 2-1: Ball 3-1: Base on Balls | | Pitching: LHP Donald Campbell | | | Batting: SHB Joe Patterson | 0-0: Ball 1-0: Called Strike 1-1: Called Strike 1-2: Strikes out looking | | Batting: RHB Willie Randolph | 0-0: Called Strike 0-1: Ball 1-1: Foul Ball, location: 2F 1-2: Foul Ball, location: 2F 1-2: Ball 2-2: Foul Ball, location: 2F 2-2: Ball 3-2: Ground out 4-3 (Groundball, 4MS) Gary Rahe to second | | Batting: LHB Don Castle | 0-0: Ball 1-0: Ball 2-0: Ball 3-0: Fly out, F9 (Line Drive, 89M) | | Bottom of the 10th over - 0 runs, 0 hits, 0 errors, 1 left on base; Omaha 7 - Denver 6 | |